TOP OF THE 1ST |
Waba Ducks batting - Pitching for Topeka Tornados : RHP Dae-ho Kim
|
Pitching: RHP Dae-ho Kim
|
|
Batting: LHB Javier Orozco
|
0-0: Ball 1-0: Foul Ball, location: 2F 1-1: Foul Ball, location: 2F 1-2: Foul Ball, location: 2F 1-2: Foul Ball, location: 2F 1-2: Foul Ball, location: 2F 1-2: Foul Ball, location: 2F 1-2: SINGLE (Line Drive, 7LS)
|
Batting: RHB Pedro Molina
|
0-0: Ball 1-0: Called Strike 1-1: Ball 2-1: Grounds into double play, 4-6-3 (Groundball, 34)
|
Batting: LHB José Román
|
0-0: Foul Ball, location: 2F 0-1: Foul Ball, location: 2F 0-2: Foul Ball, location: 2F 0-2: Ball 1-2: Ground out 6-3 (Groundball, 6)
|
Top of the 1st over - 0 run(s), 1 hit(s), 0 error(s), 0 left on base; Waba 0 - Topeka 0 |
BOTTOM OF THE 1ST |
Topeka Tornados batting - Pitching for Waba Ducks : RHP Tyrone Williams
|
Pitching: RHP Tyrone Williams
|
|
Batting: RHB José Pinto
|
0-0: Foul Ball, location: 2F 0-1: Ball 1-1: Ball 2-1: Ball 3-1: Swinging Strike 3-2: Ground out 4-3 (Groundball, 4M)
|
Batting: RHB Gabriel Santana
|
0-0: Called Strike 0-1: Foul Ball, location: 2F 0-2: Ground out 5-3 (Groundball, 56)
|
Batting: LHB Edward Rose
|
0-0: Fly out, F4 (Flyball, 4D)
|
Bottom of the 1st over - 0 run(s), 0 hit(s), 0 error(s), 0 left on base; Waba 0 - Topeka 0 |
TOP OF THE 2ND |
Waba Ducks batting - Pitching for Topeka Tornados : RHP Dae-ho Kim
|
Batting: RHB Chris Osborn
|
0-0: Called Strike 0-1: Foul Ball, location: 2F 0-2: Foul Ball, location: 2F 0-2: Ball 1-2: Ball 2-2: Ball 3-2: Fly out, F8 (Flyball, 89D)
|
Batting: RHB Paul Spencer
|
0-0: Swinging Strike 0-1: Ball 1-1: Called Strike 1-2: Ball 2-2: Ball 3-2: SINGLE (Groundball, 56D)
|
Batting: RHB Jeremy Flemming
|
0-0: Called Strike 0-1: Ball Paul Spencer steals 2nd base 1-1: Fly out, F9 (Flyball, 89M)
|
Batting: RHB Ángelo García
|
0-0: Called Strike 0-1: Ball 1-1: Ball 2-1: Ball 3-1: Called Strike 3-2: Base on Balls
|
Batting: RHB Shaun Puckett
|
0-0: Called Strike 0-1: Ball 1-1: Called Strike 1-2: Ball 2-2: Fly out, F9 (Flyball, 9S)
|
Top of the 2nd over - 0 run(s), 1 hit(s), 0 error(s), 2 left on base; Waba 0 - Topeka 0 |
BOTTOM OF THE 2ND |
Topeka Tornados batting - Pitching for Waba Ducks : RHP Tyrone Williams
|
Batting: SHB Javier Peña
|
0-0: Fly out, F7 (Flyball, 7)
|
Batting: RHB Don Thomas
|
0-0: Swinging Strike 0-1: Swinging Strike 0-2: Foul Ball, location: 2F 0-2: Strikes out swinging
|
Batting: SHB Giancarlo Giannini
|
0-0: DOUBLE (Line Drive, 9LM)
|
Batting: RHB Desi Thompson
|
0-0: SINGLE (Groundball, 6D) Giancarlo Giannini to third Runner from 3rd tries for Home, SAFE, no throw
|
Batting: LHB José López
|
0-0: Ball 1-0: Foul Ball, location: 2F 1-1: Ball 2-1: Ball 3-1: Called Strike 3-2: Strikes out swinging
|
Bottom of the 2nd over - 1 run(s), 2 hit(s), 0 error(s), 1 left on base; Waba 0 - Topeka 1 |
TOP OF THE 3RD |
Waba Ducks batting - Pitching for Topeka Tornados : RHP Dae-ho Kim
|
Batting: RHB António Valdéz
|
0-0: Swinging Strike 0-1: SINGLE (Line Drive, 78M)
|
Batting: LHB Javier Orozco
|
0-0: Called Strike 0-1: Fly out, F2 (Popup, 15)
|
Batting: RHB Pedro Molina
|
0-0: Ball 1-0: Called Strike 1-1: Fly out, F9 (Flyball, 9D)
|
Batting: LHB José Román
|
0-0: Ball 1-0: Ball 2-0: Ball 3-0: Called Strike 3-1: Called Strike 3-2: Fly out, F8 (Flyball, 8LS)
|
Top of the 3rd over - 0 run(s), 1 hit(s), 0 error(s), 1 left on base; Waba 0 - Topeka 1 |
BOTTOM OF THE 3RD |
Topeka Tornados batting - Pitching for Waba Ducks : RHP Tyrone Williams
|
Batting: RHB Dave Henderson
|
0-0: Foul Ball, location: 2F 0-1: Ball 1-1: Foul Ball, location: 2F 1-2: Ball 2-2: Strikes out looking
|
Batting: RHB José Pinto
|
0-0: Called Strike 0-1: Ground out 4-3 (Groundball, 4)
|
Batting: RHB Gabriel Santana
|
0-0: Ball 1-0: Called Strike 1-1: Ball 2-1: Foul Ball, location: 2F 2-2: Ball 3-2: Foul Ball, location: 2F 3-2: Ground out 1-3 (Groundball, 13)
|
Bottom of the 3rd over - 0 run(s), 0 hit(s), 0 error(s), 0 left on base; Waba 0 - Topeka 1 |
TOP OF THE 4TH |
Waba Ducks batting - Pitching for Topeka Tornados : RHP Dae-ho Kim
|
Batting: RHB Chris Osborn
|
0-0: Ball 1-0: Called Strike 1-1: Ground out 4-3 (Groundball, 4M)
|
Batting: RHB Paul Spencer
|
0-0: Called Strike 0-1: Ball 1-1: Foul Ball, location: 2F 1-2: Strikes out swinging
|
Batting: RHB Jeremy Flemming
|
0-0: Ground out 4-3 (Groundball, 4)
|
Top of the 4th over - 0 run(s), 0 hit(s), 0 error(s), 0 left on base; Waba 0 - Topeka 1 |
BOTTOM OF THE 4TH |
Topeka Tornados batting - Pitching for Waba Ducks : RHP Tyrone Williams
|
Batting: LHB Edward Rose
|
0-0: Ball 1-0: Ball 2-0: Fly out, F7 (Flyball, 78M)
|
Batting: SHB Javier Peña
|
0-0: Called Strike 0-1: Fly out, F8 (Flyball, 89S)
|
Batting: RHB Don Thomas
|
0-0: Ball 1-0: Called Strike 1-1: Swinging Strike 1-2: Foul Ball, location: 2F 1-2: Strikes out swinging
|
Bottom of the 4th over - 0 run(s), 0 hit(s), 0 error(s), 0 left on base; Waba 0 - Topeka 1 |
TOP OF THE 5TH |
Waba Ducks batting - Pitching for Topeka Tornados : RHP Dae-ho Kim
|
Batting: RHB Ángelo García
|
0-0: Swinging Strike 0-1: Foul Ball, location: 2F 0-2: Foul Ball, location: 2F 0-2: Ball 1-2: Foul Ball, location: 2F 1-2: Strikes out swinging
|
Batting: RHB Shaun Puckett
|
0-0: Ball 1-0: Called Strike 1-1: Ground out 5-3 (Groundball, 56)
|
Batting: RHB António Valdéz
|
0-0: Called Strike 0-1: Called Strike 0-2: Strikes out swinging
|
Top of the 5th over - 0 run(s), 0 hit(s), 0 error(s), 0 left on base; Waba 0 - Topeka 1 |
BOTTOM OF THE 5TH |
Topeka Tornados batting - Pitching for Waba Ducks : RHP Tyrone Williams
|
Batting: SHB Giancarlo Giannini
|
0-0: Ball 1-0: Ball 2-0: Ground out 5-3 (Groundball, 56S)
|
Batting: RHB Desi Thompson
|
0-0: Ball 1-0: DOUBLE (Line Drive, 8RD)
|
Batting: LHB José López
|
0-0: Ball 1-0: Called Strike 1-1: Ball 2-1: Foul Ball, location: 2F 2-2: Ball 3-2: Foul Ball, location: 2F 3-2: Fly out, F8 (Flyball, 8RM)
|
Batting: RHB Dave Henderson
|
0-0: Called Strike 0-1: Reached on error, E5 (Groundball, 56) Desi Thompson scores
|
Batting: RHB José Pinto
|
0-0: Ball 1-0: Called Strike 1-1: Called Strike 1-2: Ball 2-2: Strikes out swinging
|
Bottom of the 5th over - 1 run(s), 1 hit(s), 1 error(s), 1 left on base; Waba 0 - Topeka 2 |
TOP OF THE 6TH |
Waba Ducks batting - Pitching for Topeka Tornados : RHP Dae-ho Kim
|
Batting: LHB Javier Orozco
|
0-0: Ball 1-0: Ball 2-0: Foul Ball, location: 2F 2-1: Fly out, F8 (Flyball, 8RD)
|
Batting: RHB Pedro Molina
|
0-0: Called Strike 0-1: Ground out 6-3 (Groundball, 6)
|
Batting: LHB José Román
|
0-0: Ball 1-0: Fly out, F4 (Line Drive, 4)
|
Top of the 6th over - 0 run(s), 0 hit(s), 0 error(s), 0 left on base; Waba 0 - Topeka 2 |
BOTTOM OF THE 6TH |
Topeka Tornados batting - Pitching for Waba Ducks : RHP Tyrone Williams
|
Batting: RHB Gabriel Santana
|
0-0: Ball 1-0: Ball 2-0: Swinging Strike 2-1: Foul Ball, location: 2F 2-2: Strikes out looking
|
Batting: LHB Edward Rose
|
0-0: Ball 1-0: Ball 2-0: Called Strike 2-1: Fly out, F7 (Flyball, 7S)
|
Batting: SHB Javier Peña
|
0-0: SINGLE (Line Drive, 4MD)
|
Batting: RHB Don Thomas
|
0-0: Called Strike 0-1: 2-RUN HOME RUN (Flyball, 78XD), Distance : 386 ft
|
Batting: SHB Giancarlo Giannini
|
0-0: Ball 1-0: Called Strike 1-1: Ball 2-1: Ball 3-1: Base on Balls
|
Batting: RHB Desi Thompson
|
0-0: Ball 1-0: Foul Ball, location: 2F 1-1: Foul Ball, location: 2F 1-2: Ball 2-2: Strikes out swinging
|
Bottom of the 6th over - 2 run(s), 2 hit(s), 0 error(s), 1 left on base; Waba 0 - Topeka 4 |
TOP OF THE 7TH |
Waba Ducks batting - Pitching for Topeka Tornados : RHP Dae-ho Kim
|
Batting: RHB Chris Osborn
|
0-0: Swinging Strike 0-1: Ball 1-1: Foul Ball, location: 2F 1-2: Strikes out looking
|
Batting: RHB Paul Spencer
|
0-0: Called Strike 0-1: Ball 1-1: Foul Ball, location: 2F 1-2: Foul Ball, location: 2F 1-2: Strikes out swinging
|
Batting: RHB Jeremy Flemming
|
0-0: Ball 1-0: Fly out, F5 (Popup, 5L)
|
Top of the 7th over - 0 run(s), 0 hit(s), 0 error(s), 0 left on base; Waba 0 - Topeka 4 |
BOTTOM OF THE 7TH |
Topeka Tornados batting - Pitching for Waba Ducks : RHP Tyrone Williams
|
Pitching: RHP Esteban Gonzáles
|
|
Batting: LHB José López
|
0-0: Foul Ball, location: 2F 0-1: Ball 1-1: Foul Ball, location: 2F 1-2: Ball 2-2: Ball 3-2: Strikes out looking
|
Batting: RHB Dave Henderson
|
0-0: Foul Ball, location: 2F 0-1: Fly out, F9 (Flyball, 89M)
|
Batting: RHB José Pinto
|
0-0: Swinging Strike 0-1: Foul Ball, location: 2F 0-2: Ball 1-2: Strikes out swinging
|
Bottom of the 7th over - 0 run(s), 0 hit(s), 0 error(s), 0 left on base; Waba 0 - Topeka 4 |
TOP OF THE 8TH |
Waba Ducks batting - Pitching for Topeka Tornados : RHP Dae-ho Kim
|
Pitching: LHP Jorge Aybar
|
|
Batting: RHB Ángelo García
|
0-0: Called Strike 0-1: SINGLE (Groundball, 34D)
|
Batting: RHB Shaun Puckett
|
0-0: Foul Ball, location: 2F 0-1: Ball 1-1: Foul Ball, location: 2F 1-2: Strikes out swinging
|
Batting: RHB António Valdéz
|
0-0: Ball 1-0: Ball 2-0: Ball 3-0: Base on Balls Ángelo García to second
|
Batting: LHB Javier Orozco
|
0-0: Ball 1-0: Fly out, F7 (Flyball, 78M)
|
Batting: RHB Pedro Molina
|
0-0: Ball 1-0: Foul Ball, location: 2F 1-1: Swinging Strike 1-2: Ball 2-2: Foul Ball, location: 2F 2-2: Strikes out swinging
|
Top of the 8th over - 0 run(s), 1 hit(s), 0 error(s), 2 left on base; Waba 0 - Topeka 4 |
BOTTOM OF THE 8TH |
Topeka Tornados batting - Pitching for Waba Ducks : RHP Esteban Gonzáles
|
Batting: RHB Gabriel Santana
|
0-0: Called Strike 0-1: SINGLE (Groundball, 56D)
|
Batting: LHB Edward Rose
|
0-0: SINGLE (Line Drive, 6M) Gabriel Santana to second Runner from 2nd tries for 3rd, SAFE, no throw
|
Batting: SHB Javier Peña
|
0-0: Ball 1-0: Called Strike 1-1: Swinging Strike 1-2: Foul Ball, location: 2F 1-2: Strikes out swinging
|
Batting: RHB Don Thomas
|
0-0: Foul Ball, location: 2F 0-1: Called Strike 0-2: SINGLE (Groundball, 6MD) Gabriel Santana scores Edward Rose to second
|
Batting: SHB Giancarlo Giannini
|
0-0: Ball 1-0: Ball 2-0: Called Strike 2-1: Foul Ball, location: 2F 2-2: Fly out, F6 (Popup, 56D)
|
Batting: RHB Desi Thompson
|
0-0: Called Strike 0-1: Foul Ball, location: 2F 0-2: Strikes out swinging
|
Bottom of the 8th over - 1 run(s), 3 hit(s), 0 error(s), 2 left on base; Waba 0 - Topeka 5 |
TOP OF THE 9TH |
Waba Ducks batting - Pitching for Topeka Tornados : LHP Jorge Aybar
|
Pitching: LHP Enrique Muñóz
|
|
Now at 3B: Armando Méndez
|
|
Now at SS: José González
|
|
Batting: LHB José Román
|
0-0: Foul Ball, location: 2F 0-1: Swinging Strike 0-2: Ball 1-2: Strikes out swinging
|
Batting: RHB Chris Osborn
|
0-0: Called Strike 0-1: Called Strike 0-2: Fly out, F4 (Line Drive, 4)
|
Batting: RHB Paul Spencer
|
0-0: Ground out 6-3 (Groundball, 6)
|
Top of the 9th over - 0 run(s), 0 hit(s), 0 error(s), 0 left on base; Waba 0 - Topeka 5 |
|